 Dungeon Crawl Stone Soup version 0.22-a0-282-gdd34a7d (webtiles) character file.

119 neds the Charlatan (level 5, -12/40 HPs)
             Began as a Gnoll Artificer on Mar 17, 2018.
             Killed by divine providence
             ... invoked by an orc priest
              (14 damage)
             ... on level 4 of the Dungeon.
             The game lasted 00:13:51 (3439 turns).

neds the Charlatan (Gnoll Artificer)                Turns: 3439, Time: 00:13:52

Health: -12/40     AC:  3    Str: 15    XL:     5   Next: 3%
Magic:  9/9        EV: 14    Int: 14    God:
Gold:   199        SH:  0    Dex: 15    Spells: 6/6 levels left

rFire    . . .     SeeInvis .   a - +0 short sword
rCold    . . .     Gourm    .   (no shield)
rNeg     . . .     Faith    .   b - +0 leather armour
rPois    .         Spirit   .   (no helmet)
rElec    .         Reflect  .   (no cloak)
rCorr    .         Harm     .   (no gloves)
MR       .....                  (no boots)
Stlth    ++........             (no amulet)
HPRegen  0.13/turn              (no ring)
MPRegen  0.11/turn              (no ring)

@: no status effects
A: distributed training, fangs 1, strong nose
a: no special abilities


You were on level 4 of the Dungeon.
You were not hungry.

You visited 1 branch of the dungeon, and saw 4 of its levels.

You collected 199 gold pieces.

Inventory:

Hand Weapons
 a - a +0 short sword (weapon)
 l - a +0 hand axe
Missiles
 g - 41 stones (quivered)
 h - 59 arrows
 u - 48 bolts
Armour
 b - a +0 leather armour (worn)
 n - a +0 ring mail
 q - a +0 scale mail
 y - a cursed +0 leather armour
 D - a cursed +0 helmet
Jewellery
 o - a cursed ring of loudness {unknown}
 B - a +3 ring of strength {unknown}
 F - an uncursed ring of protection from magic {unknown}
Wands
 c - a wand of flame (15)
 d - a wand of enslavement (15)
 e - a wand of random effects (15)
Scrolls
 i - 2 scrolls of teleportation {unknown}
 j - a scroll of fog {unknown}
 k - a scroll of random uselessness {unknown}
 s - a scroll of magic mapping {unknown}
 t - a scroll of immolation {unknown}
 v - 2 scrolls of identify {unknown}
 x - a scroll of enchant weapon {unknown}
 z - 2 scrolls of remove curse {unknown}
Potions
 m - a potion of brilliance {unknown}
 p - a potion of flight {unknown}
 r - a potion of ambrosia {unknown}
 w - a potion of magic {unknown}
 A - a potion of lignification {unknown}
 C - a potion of resistance
 E - 2 potions of agility
Comestibles
 f - 2 rations


   Skills:
 + Level 2.8 Fighting
 + Level 2.8 Short Blades
 + Level 1.3 Long Blades
 + Level 1.3 Axes
 + Level 1.3 Maces & Flails
 + Level 1.3 Polearms
 + Level 1.3 Staves
 + Level 1.3 Slings
 + Level 1.3 Bows
 + Level 1.3 Crossbows
 + Level 1.3 Throwing
 + Level 1.3 Armour
 + Level 4.7 Dodging
 + Level 2.6 Stealth
 + Level 1.3 Shields
 + Level 1.3 Unarmed Combat
 + Level 1.3 Spellcasting
 + Level 1.0 Conjurations
 + Level 1.0 Hexes
 + Level 1.0 Charms
 + Level 1.0 Summonings
 + Level 1.0 Necromancy
 + Level 1.0 Translocations
 + Level 1.0 Transmutations
 + Level 1.0 Fire Magic
 + Level 1.0 Ice Magic
 + Level 1.0 Air Magic
 + Level 1.0 Earth Magic
 + Level 1.0 Poison Magic
 + Level 1.4 Invocations
 + Level 6.6 Evocations


You had 6 spell levels left.
You didn't know any spells.

Dungeon Overview and Level Annotations

Branches:
Dungeon (4/15)
 Temple: D:4-7

Altars:

Annotations:
D:3 Terence


Innate Abilities, Weirdness & Mutations

Your experience applies equally to all skills.
You have very sharp teeth.
Your uncanny sense of smell can sniff out nearby items.


Message History

The orc priest completely misses you.
You barely miss the orc priest.
The orc priest is almost dead.
The orc priest closely misses you.
You hit the orc priest.
The orc priest is almost dead.
The orc priest hits you with a club.
* * * LOW HITPOINT WARNING * * *
You closely miss the orc priest.
The orc priest is almost dead.
The orc priest hits you with a club.
* * * LOW HITPOINT WARNING * * *
You hit the orc priest.
The orc priest is almost dead.
You hit the orc priest but do no damage.
You bite the orc priest, but do no damage.
The orc priest is almost dead.
The orc priest calls down the wrath of Beogh upon you.
Beogh smites you!
You die...

#..##.....##
#..##..#..# ∆
#.!.......#
##........#
####.##### +#
#.# #.# #.# #.#
#.##########.##
#.@oo.........##
##########.....#
#....#####
#........#
###..##... #...#
## #..(..#
#.#.(.# #.#....#


You could see an orc priest and an orc.

Vanquished Creatures
  Robin (D:3)
  5 adders
  2 oozes
  A worm (D:2)
  2 orcs (D:3)
  2 giant cockroaches
  11 goblins
  8 hobgoblins
  4 jackals (D:2)
  2 ball pythons (D:1)
  5 bats
  2 frilled lizards
  2 kobolds
  2 rats
49 creatures vanquished.

Notes
Turn   | Place    | Note
-------+----------+-------------------------------------------
     0 | D:1      | neds the Gnoll Artificer began the quest for the Orb.
     0 | D:1      | Reached XP level 1. HP: 17/17 MP: 4/4
     1 | D:1      | Noticed an electric eel
   263 | D:1      | Reached XP level 2. HP: 20/23 MP: 6/6
   915 | D:2      | Reached XP level 3. HP: 25/28 MP: 7/7
   955 | D:1      | HP: 1/28 [poisoned by an adder]
  1049 | D:2      | Reached skill level 1 in Invocations
  1376 | D:2      | Reached skill level 1 in Long Blades
  1376 | D:2      | Reached skill level 1 in Axes
  1376 | D:2      | Reached skill level 1 in Maces & Flails
  1376 | D:2      | Reached skill level 1 in Polearms
  1376 | D:2      | Reached skill level 1 in Staves
  1376 | D:2      | Reached skill level 1 in Slings
  1376 | D:2      | Reached skill level 1 in Bows
  1376 | D:2      | Reached skill level 1 in Crossbows
  1376 | D:2      | Reached skill level 1 in Throwing
  1376 | D:2      | Reached skill level 1 in Armour
  1376 | D:2      | Reached skill level 1 in Shields
  1376 | D:2      | Reached skill level 1 in Unarmed Combat
  1376 | D:2      | Reached skill level 1 in Spellcasting
  1405 | D:2      | Reached XP level 4. HP: 22/34 MP: 8/8
  1871 | D:3      | Noticed Terence
  2629 | D:3      | Reached skill level 1 in Conjurations
  2629 | D:3      | Reached skill level 1 in Hexes
  2629 | D:3      | Reached skill level 1 in Charms
  2629 | D:3      | Reached skill level 1 in Summonings
  2629 | D:3      | Reached skill level 1 in Necromancy
  2629 | D:3      | Reached skill level 1 in Translocations
  2629 | D:3      | Reached skill level 1 in Transmutations
  2629 | D:3      | Reached skill level 1 in Fire Magic
  2629 | D:3      | Reached skill level 1 in Ice Magic
  2629 | D:3      | Reached skill level 1 in Air Magic
  2629 | D:3      | Reached skill level 1 in Earth Magic
  2629 | D:3      | Reached skill level 1 in Poison Magic
  2718 | D:3      | Noticed Robin
  2894 | D:3      | Killed Robin
  3333 | D:4      | Reached XP level 5. HP: 32/40 MP: 9/9
  3437 | D:4      | HP: 2/40 [orc priest/club (5)]
  3439 | D:4      | Killed from afar by an orc priest

Vault maps used:
D:1:      arrival_aquarium_a, corexii_item_surrounded_by_moat
D:2:      hangedman_decor_growths, kennysheep_cross_room
D:3:      first_ration, hex_large, uniq_terence, uniq_robin
D:4:      xom_butterflies, nrook_mini_backslash, nemelex_spade_bored_becter,
          uniq_natasha

Skill      XL: |  1  2  3  4 |
---------------+-------------+-----
Invocations    | 1 |  1.4
Long Blades    | 1 |  1.3
Axes           | 1 |  1.3
Maces & Flails | 1 |  1.3
Polearms       | 1 |  1.3
Staves         | 1 |  1.3
Slings         | 1 |  1.3
Bows           | 1 |  1.3
Crossbows      | 1 |  1.3
Throwing       | 1 |  1.3
Armour         | 1 |  1.3
Shields        | 1 |  1.3
Unarmed Combat | 1 |  1.3
Spellcasting   | 1 |  1.3
Conjurations   | 1 |  1.0
Hexes          | 1 |  1.0
Charms         | 1 |  1.0
Summonings     | 1 |  1.0
Necromancy     | 1 |  1.0
Translocations | 1 |  1.0
Transmutations | 1 |  1.0
Fire Magic     | 1 |  1.0
Ice Magic      | 1 |  1.0
Air Magic      | 1 |  1.0
Earth Magic    | 1 |  1.0
Poison Magic   | 1 |  1.0
Fighting       | |  2.8
Short Blades   | |  2.8
Dodging        | |  4.7
Stealth        | |  2.6
Evocations     | |  6.6

Action                   |  1- 3 |  4- 6 || total
-------------------------+-------+-------++-------
Melee: Short sword       |   100 |   121 ||   221
       Bite              |    13 |     8 ||    21
Throw: Stone             |    22 |    13 ||    35
  Use: Potion            |     3 |       ||     3
 Stab: Sleeping          |     3 |     1 ||     4
  Eat: Chunk             |     2 |       ||     2
       Ration            |       |     2 ||     2
Armor: Leather armour    |    11 |     9 ||    20
Dodge: Dodged            |    62 |    75 ||   137

Table legend:
 A = Spawn XP
 B = Non-spawn XP
 C = Spawn XP percentage of total XP
 D = Spawn monster count
 E = Non-spawn monster count
 F = Spawn count percentage of total count
 G = Total turns spent on level
                    A         B        C        D         E        F      G
               +---------+---------+-------+---------+---------+-------+---------
         Total |       0 |     170 |   0.0 |       0 |      49 |   0.0 |  3439
               +---------+---------+-------+---------+---------+-------+---------
           D:1 |       0 |      29 |   0.0 |       0 |      15 |   0.0 |   942
           D:2 |       0 |      55 |   0.0 |       0 |      17 |   0.0 |  1016
           D:3 |       0 |      79 |   0.0 |       0 |      16 |   0.0 |  1311
           D:4 |       0 |       7 |   0.0 |       0 |       1 |   0.0 |   170
               +---------+---------+-------+---------+---------+-------+---------
